 Dungeon Crawl Stone Soup version 0.25.1-1-g288607f (webtiles) character file.

Game seed: 5512702134510426943

14917 Dingasm the Impaler (level 11, -3/99 HPs)
             Began as a Minotaur Fighter on Sept 24, 2020.
             Was an Elder of Makhleb.
             Killed from afar by a white draconian (5 damage)
             ... with a chilling blast
             ... in an ice cave.
             The game lasted 02:32:55 (11452 turns).

Dingasm the Impaler (Minotaur Fighter)             Turns: 11452, Time: 02:32:57

Health: -3/99      AC: 13    Str: 25    XL:     11   Next: 95%
Magic:  14/14      EV:  9    Int:  5    God:    Makhleb [****..]
Gold:   589        SH: 11    Dex:  9    Spells: 10/10 levels left

rFire    . . .     SeeInvis .   O - +1 falchion (flame)
rCold    + + .     Gourm    .   c - +0 kite shield
rNeg     . . .     Faith    .   E - +2 ring mail {rC+}
rPois    .         Spirit   .   (helmet restricted)
rElec    .         Reflect  .   m - +0 cloak
rCorr    .         Harm     .   n - +0 pair of gloves
MR       .....                  C - +0 pair of boots
Stlth    ..........             (no amulet)
HPRegen  0.26/turn              j - ring of flight
MPRegen  0.14/turn              D - ring of protection from cold

@: flying
A: retaliatory headbutt, horns 2
a: Minor Destruction, Lesser Servant of Makhleb, Major Destruction, Renounce
Religion, Stop Flying


You were in an ice cave.
You worshipped Makhleb.
Makhleb was greatly pleased with you.
You were not hungry.

You visited 2 branches of the dungeon, and saw 15 of its levels.
You also visited: Ice Cave.

You collected 589 gold pieces.

Inventory:

Hand Weapons
 a - a +0 shortbow
 g - a +4 trident of freezing
 l - a +0 hunting sling
 z - a +2 rapier of holy wrath
 O - a +1 falchion of flaming (weapon)
 P - a +0 vorpal halberd
 T - a +1 flail of protection
Missiles
 h - 230 arrows
 i - 106 sling bullets
 k - 167 stones (quivered)
 r - 28 poisoned darts
 s - 102 bolts
 t - 8 atropa-tipped darts
 I - 16 boomerangs
Armour
 b - a +0 leather armour of magic resistance
 c - a +0 kite shield (worn)
 e - a +1 chain mail of fire resistance
 m - a +0 cloak (worn)
 n - a +0 pair of gloves (worn)
 C - a +0 pair of boots (worn)
 E - a +2 ring mail of cold resistance (worn)
 F - a +0 leather armour of positive energy
Magical Staves
 Q - an uncursed staff of fire {unknown}
Jewellery
 j - a ring of flight (left hand)
 o - an uncursed ring of poison resistance
 y - an uncursed ring of flight
 D - a ring of protection from cold (right hand)
 M - a cursed ring of teleportation
Wands
 w - a wand of paralysis (2)
 L - a wand of enslavement (3)
 N - a wand of acid (3)
Scrolls
 q - 7 scrolls of identify
 v - a scroll of magic mapping
 x - a scroll of noise {unknown}
 A - 3 scrolls of teleportation
 B - a scroll of enchant weapon
 G - a scroll of immolation
 H - 3 scrolls of enchant armour {unknown}
 J - 3 scrolls of remove curse
 K - 2 scrolls of fog {unknown}
Potions
 d - a potion of stabbing
 p - 3 potions of resistance
 u - a potion of haste
 S - 2 potions of might
 U - a potion of flight
Comestibles
 f - 21 rations


   Skills:
 + Level 9.8 Fighting
 - Level 1.2 Long Blades
 * Level 15.4 Polearms
 - Level 0.1 Throwing
 + Level 9.0 Armour
 - Level 0.3 Dodging
 - Level 0.2 Stealth
 + Level 9.1 Shields
 + Level 6.6 Invocations


You had 10 spell levels left.
You didn't know any spells.
Your spell library contained the following spells:

 Spells                   Type           Power        Failure   Level  Hunger
 Apportation              Tloc           #.....       85%         1    ##.....
 Corona                   Hex            #......      85%         1    ##.....
 Magic Dart               Conj           #...         85%         1    ##.....
 Summon Butterflies       Summ           #.......     85%         1    ##.....
 Blink                    Tloc           N/A          94%         2    ###....
 Call Imp                 Summ           #.......     94%         2    ###....
 Ensorcelled Hibernation  Hex/Ice        #.....       94%         2    ###....
 Poisonous Vapours        Pois/Air       #.....       94%         2    ###....
 Slow                     Hex            #.......     94%         2    ###....
 Confusing Touch          Hex            #.......     99%         3    ####...
 Conjure Flame            Conj/Fire      #.......     99%         3    ####...
 Dazzling Flash           Conj/Hex       #.....       99%         3    ####...
 Inner Flame              Hex/Fire       #.......     99%         3    ####...
 Lesser Beckoning         Tloc           #.........   99%         3    ####...
 Mephitic Cloud           Conj/Pois/Air  #.......     99%         3    ####...
 Portal Projectile        Hex/Tloc       #.....       99%         3    ####...
 Tukima's Dance           Hex            #.......     99%         3    ####...
 Cause Fear               Hex            #.........   100%        4    #####..
 Leda's Liquefaction      Hex/Erth       #.........   100%        4    #####..
 Alistair's Intoxication  Tmut/Pois      #.......     100%        5    ######.
 Bolt of Magma            Conj/Fire/Erth #.........   100%        5    ######.
 Iskenderun's Battlesphe  Conj/Chrm      #.......     100%        5    ######.
 Freezing Cloud           Conj/Ice/Air   #.........   100%        6    #######
 Invisibility             Hex            #.......     100%        6    #######
 Iron Shot                Conj/Erth      #.........   100%        6    #######
 Orb of Destruction       Conj           #.........   100%        7    #######
 Ring of Flames           Chrm/Fire      #.........   100%        7    #######
 Spellforged Servitor     Conj/Summ      #.........   100%        7    #######


Dungeon Overview and Level Annotations

Branches:
Dungeon (13/15)            Temple (0/1) D:5            Lair (2/6) D:10
 Spider (0/4) Lair:2          Orc (0/2) D:9           IceCv (1/1)
  Swamp: Lair:2-4    Shoals: Lair:2-4    Vaults: D:13-14

Altars:
Gozag
Hepliaklqana
Kikubaaqudgha
Makhleb
Nemelex Xobeh
Okawaru
Sif Muna
Xom
Zin
The Shining One

Annotations:
D:9 1 runed translucent door, exclusion: 4 orange crystal statues
D:12 exclusion: ugly thing


Innate Abilities, Weirdness & Mutations

You reflexively headbutt those who attack you in melee.
You have a pair of horns on your head.


Message History

You hit the white draconian. You burn the white draconian.
You headbutt the white draconian.
The white draconian is moderately wounded.
The white draconian hits you with a +6 halberd of pain!
* * * LOW HITPOINT WARNING * * *
Your hellwing closely misses the white draconian.
Your hellwing hits the white draconian but does no damage.
Your hellwing hits the white draconian!
Your hellwing barely misses the white draconian.
The white draconian hits you with a +6 halberd of pain!
* * * LOW HITPOINT WARNING * * *
You writhe in agony.
* * * LOW HITPOINT WARNING * * *
The white draconian breathes frost at you.
The chilling blast hits your hellwing!
Your hellwing is blown backwards by the freezing wind.
Your hellwing collides with you!
* * * LOW HITPOINT WARNING * * *
The chilling blast hits you. You resist.
You die...

........### ##
#........## ###.
#........## ##)))
#........# #....
#.......# ### ..#....
##.....####≈≈≈
.......###.÷...##≈≈≈≈#
#..........d4###≈≈≈≈#
###.........#@≈≈≈≈≈#
############≈≈≈###
≈≈≈≈≈≈≈≈≈≈≈≈##
≈≈≈≈≈≈≈≈≈≈≈..##
#######≈≈##.#.#
#≈≈###.## ##≈##..#
#### ###..## ##..#
#.#.# ####....


You could see a white draconian (catching breath) and a friendly hellwing
(summoned).

Vanquished Creatures
  3 hydras
  A two-headed ogre (D:8)
  A manticore (D:12)
  Joseph (D:7)
  2 spiny frogs (Lair:1)
  10 polar bears (IceCv)
  A troll (D:10)
  2 dream sheep (D:9)
  3 blink frogs (Lair:1)
  2 hippogriffs (Lair:1)
  A redback (Lair:2)
  5 yaks
  Grum (Lair:1)
  3 water moccasins (Lair:1)
  2 ice beasts (D:5)
  A sky beast (D:5)
  5 orc warriors
  5 phantoms
  11 wolves
  An eye of draining (D:9)
  6 ogres
  A necrophage (D:13)
  6 centaurs
  2 crocodiles (Lair:1)
  14 bullfrogs
  3 big kobolds (D:9)
  6 scorpions
  3 wights (D:9)
  A howler monkey (D:9)
  3 crimson imps
  A bullfrog zombie (D:6)
  5 hounds
  A jelly (D:9)
  5 orc priests
  2 orc wizards
  4 iguanas
  7 worker ants
  A hound skeleton (D:7)
  A howler monkey zombie (D:7)
  A worker ant zombie (D:9)
  A gnoll (D:3)
  2 howler monkey skeletons
  9 adders
  3 shadow imps
  An ooze (D:4)
  2 adder zombies
  A worm (D:3)
  2 leopard geckos
  37 orcs
  2 ball pythons (D:2)
  9 bats
  5 giant cockroaches
  11 goblins
  3 hobgoblins
  4 jackals (D:2)
  7 kobolds
  4 quokkas
  5 frilled lizards
  3 rats
  12 fungi
  8 plants
265 creatures vanquished.

Vanquished Creatures (collateral kills)
  A hippogriff (D:12)
  A wyvern (D:12)
  An ogre (D:9)
  An orc (D:10)
4 creatures vanquished.

Grand Total: 269 creatures vanquished

Notes
Turn   | Place    | Note
-------+----------+-------------------------------------------
     0 | D:1      | Dingasm the Minotaur Fighter began the quest for the Orb.
     0 | D:1      | Reached XP level 1. HP: 19/19 MP: 0/0
   104 | D:1      | Reached XP level 2. HP: 27/27 MP: 1/1
   600 | D:2      | Noticed a phantom
   772 | D:2      | Reached XP level 3. HP: 33/33 MP: 2/2
   978 | D:2      | Killed a phantom
   978 | D:2      | Reached skill level 4 in Polearms
   978 | D:2      | Reached XP level 4. HP: 28/41 MP: 3/3
  1691 | D:3      | Reached XP level 5. HP: 47/47 MP: 4/4
  1858 | D:3      | Found a burning altar of Makhleb.
  1872 | D:3      | Became a worshipper of Makhleb the Destroyer
  2497 | D:4      | Reached skill level 5 in Polearms
  2588 | D:4      | Reached skill level 5 in Armour
  2725 | D:4      | Reached XP level 6. HP: 52/53 MP: 5/5
  2802 | D:4      | Reached skill level 6 in Polearms
  2886 | D:4      | Reached XP level 7. HP: 58/60 MP: 6/6
  3216 | D:5      | Entered Level 5 of the Dungeon
  3222 | D:5      | Found a staircase to the Ecumenical Temple.
  3250 | D:5      | Reached skill level 7 in Polearms
  3301 | D:5      | Reached skill level 5 in Fighting
  3354 | D:5      | Reached skill level 8 in Polearms
  3408 | D:5      | Found an opulent altar of Gozag.
  3451 | D:5      | Found an iron altar of Okawaru.
  3457 | D:5      | Found a glowing golden altar of the Shining One.
  3996 | D:5      | Reached skill level 9 in Polearms
  3996 | D:5      | Reached XP level 8. HP: 52/68 MP: 7/7
  4195 | D:6      | Reached * piety under Makhleb
  4235 | D:5      | Reached skill level 5 in Shields
  4376 | D:6      | Reached skill level 10 in Polearms
  5006 | D:7      | Reached skill level 11 in Polearms
  5035 | D:7      | Noticed Joseph
  5046 | D:7      | Killed Joseph
  5046 | D:7      | Reached XP level 9. HP: 64/75 MP: 8/8
  5122 | D:7      | Found a shimmering blue altar of Sif Muna.
  5243 | D:7      | Reached ** piety under Makhleb
  5470 | D:7      | Reached skill level 12 in Polearms
  5665 | D:8      | Found an ancient bone altar of Kikubaaqudgha.
  5760 | D:8      | Found a glowing silver altar of Zin.
  5763 | D:8      | Noticed an angel
  5766 | D:8      | Found a shimmering altar of Xom.
  5974 | D:8      | Noticed a two-headed ogre
  5991 | D:8      | Killed a two-headed ogre
  6288 | D:9      | Reached skill level 13 in Polearms
  6317 | D:9      | Found a staircase to the Orcish Mines.
  6368 | D:9      | Reached XP level 10. HP: 86/86 MP: 10/10
  6464 | D:9      | Found a sparkling altar of Nemelex Xobeh.
  6518 | D:9      | Reached *** piety under Makhleb
  6646 | D:9      | Noticed a three-headed hydra
  6652 | D:9      | Killed a one-headed hydra
  6744 | D:9      | Reached skill level 14 in Polearms
  6776 | D:9      | Found a hazy altar of Hepliaklqana.
  6785 | D:9      | You fall into a shaft and drop 3 floors!
  6800 | D:12     | Noticed a purple ugly thing
  6805 | D:12     | Noticed a purple ugly thing
  6806 | D:12     | Noticed a manticore
  6809 | D:12     | Noticed a cyclops
  7171 | D:12     | Noticed a cyclops
  7182 | D:12     | HP: 4/88 [barbs]
  7191 | D:12     | Killed a manticore
  7549 | D:11     | Noticed a two-headed ogre
  7554 | D:11     | Noticed a two-headed ogre
  7571 | D:11     | Noticed a two-headed ogre
  7632 | D:10     | Entered Level 10 of the Dungeon
  7989 | D:9      | Found a runed translucent door.
  7996 | D:9      | Found the +10 tower shield of Ignorance {rN+ Int-4}
  7998 | D:9      | Noticed an orange crystal statue
  8014 | D:9      | Found a runed translucent door.
  8065 | D:9      | Noticed an orange crystal statue
  8065 | D:9      | Noticed an orange crystal statue
  8065 | D:9      | Noticed an orange crystal statue
  8080 | D:9      | Noticed a two-headed ogre
  8616 | D:10     | Found a staircase to the Lair.
  8896 | D:10     | Reached XP level 11. HP: 91/95 MP: 13/13
  9001 | Lair:1   | Entered Level 1 of the Lair of Beasts
  9151 | Lair:1   | Reached skill level 5 in Invocations
  9349 | Lair:1   | Noticed a four-headed hydra
  9360 | Lair:1   | Killed a one-headed hydra
  9441 | Lair:1   | Reached skill level 1 in Long Blades
  9620 | Lair:1   | Noticed Grum
  9646 | Lair:1   | Killed Grum
  9793 | Lair:2   | Found a hole to the Spider Nest.
  9823 | Lair:2   | Noticed an eight-headed hydra
 10180 | Lair:2   | Killed a three-headed hydra
 10180 | Lair:2   | Reached skill level 15 in Polearms
 10207 | Lair:2   | Found a frozen archway.
 10214 | IceCv    | Entered an ice cave
 10253 | IceCv    | Reached **** piety under Makhleb
 10575 | IceCv    | Noticed a white draconian
 11452 | IceCv    | HP: 2/99 [hellwing collision (5)]
 11452 | IceCv    | Killed from afar by a white draconian

Illustrated notes

Levels and vault maps discovered:
D:1:      minmay_arrival_semitransparent, layout_basic
D:2:      layout_basic, hex_medium
D:3:      layout_loops_cross, lemuel_round_altar, first_ration,
          minmay_misc_feat_roman, chequers_avenue, minmay_close_crescents
D:4:      layout_cave_pools
D:5:      layout_loops_ring, grunt_gozag_statues, minitemple,
          minmay_temple_entry_ruins
D:6:      layout_loops_ring
D:7:      layout_cave_pools, overflow_temple_1_default, serial_rivers,
          chequers_serial_rivers_large_a, chequers_serial_rivers_marsh,
          chequers_serial_rivers_micro_a, chequers_serial_rivers_room_b,
          chequers_serial_rivers_room_a, chequers_serial_rivers_small_a,
          uniq_joseph
D:8:      layout_loops_cross, grunt_temple_overflow_order_and_chaos_1,
          kiku_gazebo_pond_becter
D:9:      layout_rooms, nemelex_xobeh_ov_fountains_minmay, lemuel_doored_altar,
          david_orc_2, hangedman_ranch [blue_anna_fruit_fields],
          chequers_guarded_unrand_ignorance
D:10:     layout_cross, grunt_lair_entry_orc_guard_hut
D:11:     layout_layer_cave
D:12:     layout_cave_pools
D:13:     layout_roguey [special_room_bee], david_vaults_2
Lair:1:   layout_cave_pods, minivault_26, uniq_grum
Lair:2:   layout_roguey, spider_nest_entry_webs,
          portal_ice_cave_entry_pillars_2, serial_bayou_lake_a,
          grunt_megastairs_5
IceCv:    ice_cave_small_giant

Skill      XL: |  1  2  3  4  5  6  7  8  9 10 11 |
---------------+----------------------------------+-----
Shields        | 4 5 6 7 9 |  9.1
Fighting       | 4 5 6 7 8 9 |  9.8
Armour         | 4 5 6 7 9 |  9.0
Polearms       | 4 5 6 9 11 13 14 15 | 15.4
Invocations    | 2 4 6 |  6.6
Long Blades    | 1 |  1.2
Throwing       | |  0.1
Dodging        | |  0.3
Stealth        | |  0.2

Action                   |  1- 3 |  4- 6 |  7- 9 | 10-12 || total
-------------------------+-------+-------+-------+-------++-------
Melee: Trident           |    82 |   115 |   271 |   506 ||   974
       Headbutt          |     6 |    11 |    46 |   131 ||   194
       Falchion          |       |       |       |    25 ||    25
Throw: Stone             |     6 |    15 |    12 |       ||    33
Invok: Minor Destruction |       |       |    16 |    66 ||    82
       Lesser Servant of |       |       |       |     7 ||     7
       Major Destruction |       |       |       |     1 ||     1
 Abil: Evoke Flight      |       |       |     1 |     7 ||     8
Evoke: Wand              |       |       |     3 |     2 ||     5
  Use: Scroll            |     5 |     4 |     1 |    18 ||    28
       Potion            |       |     1 |       |     8 ||     9
 Stab: Distracted        |       |       |     1 |       ||     1
       Paralysed         |       |       |     6 |       ||     6
  Eat: Chunk             |       |     2 |     6 |     4 ||    12
       Ration            |       |     1 |     2 |     4 ||     7
Armor: Scale mail        |    25 |    23 |       |       ||    48
       Chain mail        |       |       |    42 |       ||    42
       Ring mail         |       |       |    29 |   150 ||   179
Dodge: Dodged            |    19 |    28 |    45 |   132 ||   224
Block: Kite shield       |    24 |    34 |    58 |   203 ||   319
       Rpst.: Falchion   |       |       |       |     3 ||     3
